 Dungeon Crawl Stone Soup version 0.26-a0-163-g6c8a0bf695 (webtiles) character file.

Game seed: 7253539636372388934

101 BritishOli the Slasher (level 4, -4/34 HPs)
             Began as a Demonspawn Gladiator on July 3, 2020.
             Killed by divine providence
             ... invoked by an orc priest
              (12 damage)
             ... on level 3 of the Dungeon.
             The game lasted 00:02:20 (2078 turns).

BritishOli the Slasher (Demonspawn Gladiator)       Turns: 2078, Time: 00:02:20

Health: -4/34      AC:  5    Str: 16    XL:     4   Next: 48%
Magic:  4/4        EV: 13    Int:  9    God:
Gold:   115        SH:  0    Dex: 14    Spells: 3/3 levels left

rFire    + . .     SeeInvis .   a - +0 long sword
rCold    . . .     Faith    .   (no shield)
rNeg     . . .     Spirit   .   o - +0 leather armour {rF+}
rPois    .         Reflect  .   (helmet restricted)
rElec    .         Harm     .   (no cloak)
rCorr    .                      h - +1 pair of gloves
MR       .....                  (no boots)
Stlth    +.........             (no amulet)
HPRegen  0.11/turn              (no ring)
MPRegen  0.09/turn              (no ring)

@: no status effects
A: antennae 1, rot immunity, sturdy frame 1
a: no special abilities


You were on level 3 of the Dungeon.
You were not hungry.

You visited 1 branch of the dungeon, and saw 3 of its levels.

You collected 115 gold pieces.

Inventory:

Hand Weapons
 a - a +0 long sword (weapon)
Missiles
 d - 3 throwing nets (quivered)
Armour
 h - a +1 pair of gloves (worn)
 o - a +0 leather armour of fire resistance (worn)
Scrolls
 c - a scroll of immolation {unknown}
 e - a scroll of enchant armour {unknown}
 g - a scroll of fog {unknown}
 j - a scroll of blinking {unknown}
 k - a scroll of amnesia {unknown}
Potions
 b - a potion of curing {unknown}
 l - a potion of heal wounds {unknown}
 m - a potion of mutation {unknown}
 n - 3 potions of resistance {unknown}
Comestibles
 f - 3 rations


   Skills:
 + Level 2.7 Fighting
 * Level 3.5 Long Blades
 + Level 2.3 Throwing
 + Level 1.2 Armour
 + Level 3.1 Dodging


You had 3 spell levels left.
You didn't know any spells.
Your spell library was empty.

Dungeon Overview and Level Annotations

Branches:
Dungeon (3/15)

Altars:
Fedhas
Wu Jian

Annotations:
D:2 exclusion: oklob plant


Innate Abilities, Weirdness & Mutations

You have a pair of small antennae on your head.
You are immune to rotting.
Your movements are slightly less encumbered by armour. (ER -2)


Message History

Beogh smites you!
* * * LOW HITPOINT WARNING * * *
You hit the orc wizard.
The orc wizard is moderately wounded.
The orc wizard closely misses you.
You riposte.
You barely miss the orc wizard.
The orc wizard is moderately wounded.
You miss the orc wizard.
The orc wizard is moderately wounded.
The orc priest looks satisfied for a moment.
The orc wizard barely misses you.
The orc priest looks encouraged for a moment.
The orc wizard hits you but does no damage.
You hit the orc wizard but do no damage.
The orc wizard is moderately wounded.
The orc wizard hits you but does no damage.
You hit the orc wizard.
The orc wizard is heavily wounded.
The orc priest mumbles some strange prayers to Beogh against you.
Beogh smites you!
You die...

........#####
............#
.....$......##.
...............
...........?#
............#
........###.#
..#.##..o##.#
#..###.##..o##@#
......%........#o#
...#..##.##..o..o#
...... #.##...#..#
......###........#
#................###
#...................
#........รท......#.##
................#...


You could see an orc priest and an orc wizard.

Vanquished Creatures
  Ijyb (D:3)
  An adder (D:2)
  An ooze (D:1)
  2 worms
  2 dart slugs (D:1)
  2 leopard geckos
  2 orcs (D:3)
  3 giant cockroaches
  9 hobgoblins
  3 jackals (D:2)
  4 kobolds
  5 bats
  4 frilled lizards (D:1)
  4 goblins
  5 rats
48 creatures vanquished.

Notes
Turn   | Place    | Note
-------+----------+-------------------------------------------
     0 | D:1      | BritishOli the Demonspawn Gladiator began the quest for the
                  | Orb.
     0 | D:1      | Reached XP level 1. HP: 16/16 MP: 1/1
   192 | D:1      | Gained mutation: You have a pair of small antennae on your
                  | head. [demonic ancestry]
   192 | D:1      | Reached XP level 2. HP: 22/22 MP: 2/2
   677 | D:1      | Gained mutation: You are immune to rotting. [demonic
                  | ancestry]
   677 | D:1      | Reached XP level 3. HP: 21/28 MP: 3/3
   855 | D:2      | Found an ornate altar of the Wu Jian Council.
   878 | D:2      | Found a faded altar of an unknown god.
  1299 | D:2      | Found a blossoming altar of Fedhas.
  1318 | D:2      | Noticed an oklob plant
  1407 | D:2      | Reached skill level 1 in Armour
  1824 | D:3      | Noticed Ijyb
  1842 | D:3      | Paralysed by Ijyb for 5 turns
  1853 | D:3      | Paralysed by Ijyb for 5 turns
  1861 | D:3      | Paralysed by Ijyb for 6 turns
  1867 | D:3      | Killed Ijyb
  1867 | D:3      | Gained mutation: Your movements are slightly less
                  | encumbered by armour. (ER -2) [demonic ancestry]
  1867 | D:3      | Reached XP level 4. HP: 26/34 MP: 4/4
  2078 | D:3      | Killed from afar by an orc priest

Illustrated notes

Levels and vault maps discovered:
D:1:      dpeg_arrival_pond, layout_rooms
D:2:      layout_basic, lemuel_doored_altar, chequers_ecumenical_altar_island,
          tgw_fedhas
D:3:      layout_basic, lemuel_crystal_altar, uniq_terence, uniq_grinder,
          uniq_ijyb

Skill      XL: |  1  2  3 |
---------------+----------+-----
Long Blades    | 3 |  3.5
Throwing       | 2 |  2.3
Dodging        | 3 |  3.1
Armour         | 1 |  1.2
Fighting       | |  2.7

Action                   |  1- 3 |  4- 6 || total
-------------------------+-------+-------++-------
Melee: Long sword        |   140 |    25 ||   165
 Stab: Sleeping          |     1 |       ||     1
  Eat: Chunk             |     3 |     1 ||     4
Armor: Leather armour    |    50 |    12 ||    62
Dodge: Dodged            |   121 |    19 ||   140
       Rpst.: Long sword |    34 |     5 ||    39

Table legend:
 A = Non-vault XP
 B = Vault XP
 C = Vault XP percentage of total XP
 D = Non-vault monster count
 E = Vault monster count
 F = Vault count percentage of total count
                 A         B        C        D         E       F
            +---------+---------+-------+---------+---------+-------
      Total |     109 |      36 |  24.8 |      47 |       1 |   2.1
            +---------+---------+-------+---------+---------+-------
        D:1 |      41 |       0 |   0.0 |      21 |       0 |   0.0
        D:2 |      49 |       0 |   0.0 |      19 |       0 |   0.0
        D:3 |      19 |      36 |  65.5 |       7 |       1 |  12.5
            +---------+---------+-------+---------+---------+-------
